[Event "Titled Tuesday Blitz July 25 Early 2023"]
[White "Nasuta, Grzegorz"]
[Black "Tobak, Mikhail"]
[WhiteFideId "1141686"]
[BlackFideId "14165570"]
[WhiteElo "2724"]
[BlackElo "2388"]
[Result "0-1"]
[Round "1"]
[TimeControl "180+2"]
[Date "2023.07.25"]
[WhiteClock "0:00:02"]
[BlackClock "0:01:36"]
[Board "116"]

1. e4 Nf6 2. e5 Nd5 3. d4 d6 4. c4 Nb6 5. exd6 cxd6 6. Nc3 g6 7. Be3 Bg7 8. Rc1 Bf5 9. b3 d5 10. c5 Nc8 11. g4 Be6 12. Bg2 Nc6 13. h3 f6 14. Nge2 Bf7 15. O-O O-O 16. a3 e6 17. b4 a6 18. Qd2 N8e7 19. Rfe1 e5 20. dxe5 Nxe5 21. Rcd1 f5 22. gxf5 Nxf5 23. Bg5 Bf6 24. Bxf6 Qxf6 25. Nxd5 Bxd5 26. Qxd5+ Kh8 27. Nf4 Rae8 28. Qxb7 Nh4 29. Nd5 Qxf2+ 30. Kh1 Qxg2# 0-1


[Site "https://www.chess.com"]

[Event "Titled Tuesday Blitz July 25 Early 2023"]
[White "Haraguchi, Diego Sashaki"]
[Black "Zeynalli, Rashad"]
[WhiteFideId "22729925"]
[BlackFideId "13403320"]
[WhiteElo "2386"]
[BlackElo "2723"]
[Result "1-0"]
[Round "1"]
[TimeControl "180+2"]
[Date "2023.07.25"]
[WhiteClock "0:00:07"]
[BlackClock "0:00:16"]
[Board "117"]

1. d4 d5 2. c4 e6 3. Nf3 Nf6 4. g3 Be7 5. Bg2 O-O 6. O-O dxc4 7. Qc2 b5 8. a4 b4 9. Qxc4 Ba6 10. Qc2 Nbd7 11. Ne5 Nxe5 12. dxe5 Nd5 13. Rd1 Qc8 14. e4 Nb6 15. b3 Rd8 16. Be3 Rxd1+ 17. Qxd1 c5 18. a5 Nd7 19. Nd2 Nxe5 20. Qc2 c4 21. bxc4 Nxc4 22. Nxc4 Qxc4 23. Qxc4 Bxc4 24. Rc1 b3 25. Bd4 Ba3 26. Rxc4 b2 27. Bxb2 Bxb2 28. a6 e5 29. Bh3 Bd4 30. Kg2 Kf8 31. Rc7 Rb8 32. Rb7 Rd8 33. Bd7 Bb6 34. Bc6 Bc5 35. Bd5 f5 36. Rf7+ Ke8 37. Rxf5 Bd4 38. Rf3 Rd6 39. Bb7 Rb6 40. g4 Ke7 41. h4 Rb2 42. Kg3 Rb1 43. g5 Rg1+ 44. Kh2 Rg4 45. Kh3 Rg1 46. Rf5 Rh1+ 47. Kg3 Rg1+ 48. Kh2 Rg4 49. f3 Rxh4+ 50. Kg3 Rh1 51. Kg2 Rg1+ 52. Kh2 Ra1 53. Kg2 h5 54. gxh6 gxh6 55. Rh5 Rg1+ 56. Kh2 Rg6 57. Rf5 Kd6 58. Kh3 Be3 59. Kh4 Rg1 60. Kh3 Bf4 61. Kh4 Rh1+ 62. Kg4 Rg1+ 63. Kh5 Rh1+ 64. Kg6 Rg1+ 65. Kf6 Rg3 66. Rxf4 exf4 67. e5+ Kc7 68. e6 Rg2 69. e7 Re2 70. Kf7 Kd7 71. Be4 Rxe4 72. fxe4 f3 73. e8=Q+ Kd6 74. e5+ Kc5 75. Qa8 Kd4 76. Qxa7+ Ke4 77. Qf2 Kf4 78. a7 h5 79. a8=Q h4 80. Qaxf3+ Kg5 81. Qf4+ Kh5 82. Q2xh4# 1-0


[Site "https://www.chess.com"]

[Event "Titled Tuesday Blitz July 25 Early 2023"]
[White "De Silva, L M S T"]
[Black "Sriniaiyer, Sudarshan"]
[WhiteFideId "9953698"]
[BlackFideId "30937213"]
[WhiteElo "2721"]
[BlackElo "2384"]
[Result "1-0"]
[Round "1"]
[TimeControl "180+2"]
[Date "2023.07.25"]
[WhiteClock "0:00:18"]
[BlackClock "0:00:07"]
[Board "118"]

1. c4 e6 2. Nf3 d5 3. cxd5 exd5 4. d4 c6 5. Nc3 Nf6 6. Bg5 Be7 7. e3 h6 8. Bh4 O-O 9. Bd3 Re8 10. Qc2 Nbd7 11. h3 Ne4 12. Bxe7 Qxe7 13. O-O Ndf6 14. Nd2 Bf5 15. Rae1 Nxd2 16. Qxd2 Bxd3 17. Qxd3 Qb4 18. Re2 Ne4 19. f3 Nd6 20. e4 dxe4 21. fxe4 Rad8 22. e5 Nb5 23. Nxb5 cxb5 24. Rf4 Rd5 25. Ref2 Re7 26. Kh2 Red7 27. e6 fxe6 28. Qg6 Qe7 29. Rf8+ Qxf8 30. Qxe6+ Rf7 31. Qxd5 g6 32. Kg3 Kg7 33. Rxf7+ Qxf7 34. Qxf7+ Kxf7 35. Kf4 Ke6 36. Ke4 a5 37. d5+ Kd6 38. Kd4 b6 39. Ke4 b4 40. Kd4 b5 41. b3 a4 42. g3 g5 43. g4 axb3 44. axb3 Kd7 45. Kc5 Kc7 46. Kxb5 Kd6 47. Kc4 1-0


[Site "https://www.chess.com"]

[Event "Titled Tuesday Blitz July 25 Early 2023"]
[White "Alvarado Diaz, Alejandro"]
[Black "Suyarov, Mukhammadzokhid"]
[WhiteFideId "2276119"]
[BlackFideId "14210495"]
[WhiteElo "2381"]
[BlackElo "2718"]
[Result "0-1"]
[Round "1"]
[TimeControl "180+2"]
[Date "2023.07.25"]
[WhiteClock "0:01:26"]
[BlackClock "0:02:39"]
[Board "119"]

1. d4 e6 2. Bf4 Nf6 3. e3 b6 4. c4 Bb7 5. Nc3 Bb4 6. Nf3 O-O 7. Bd3 d6 8. O-O Nbd7 9. h3 Re8 10. Bh2 e5 11. d5 Bxc3 12. bxc3 e4 13. Nd4 exd3 14. Qxd3 Ne5 15. Qe2 Qd7 16. a4 Ba6 17. Nb5 Ne4 18. f3 Nc5 19. e4 f5 20. f4 Nxc4 21. Qxc4 Rxe4 22. Qa2 Rxa4 23. Na3 Bxf1 24. Rxf1 Re8 25. Qc2 Rxa3 0-1


[Site "https://www.chess.com"]

[Event "Titled Tuesday Blitz July 25 Early 2023"]
[White "realmadridfc123"]
[Black "Omariev, Maksim"]
[BlackFideId "4193423"]
[WhiteElo "2716"]
[BlackElo "2380"]
[Result "1-0"]
[Round "1"]
[TimeControl "180+2"]
[Date "2023.07.25"]
[WhiteClock "0:00:05"]
[BlackClock "0:00:02"]
[Board "120"]

1. e4 c5 2. Nf3 d6 3. Bb5+ Nd7 4. a4 a6 5. Bc4 e6 6. O-O b6 7. d4 cxd4 8. Nxd4 Bb7 9. Bxe6 fxe6 10. Nxe6 Qc8 11. Nxf8 Kxf8 12. Qxd6+ Kf7 13. Rd1 Ndf6 14. e5 Ne4 15. Qd7+ Ne7 16. e6+ Kf8 17. Be3 Nf6 18. Qxc8+ Rxc8 19. Bxb6 Rc6 20. a5 Rxe6 21. Nc3 Kf7 22. Na4 Ned5 23. Nc5 Bc8 24. Nxe6 Bxe6 25. c4 Nb4 26. Rac1 Rc8 27. c5 Nc6 28. f3 Bb3 29. Rd3 Ba4 30. Rd6 Bb5 31. Re1 Nb4 32. Rd4 Nc6 33. Rd6 Nb4 34. g4 Nd3 35. Re3 Nxb2 36. g5 Ne8 37. Rd4 Nc4 38. Rf4+ Kg8 39. Re7 Na3 40. Ref7 Nc7 41. Rxc7 Rxc7 42. Bxc7 Nc4 43. Bd6 Ne3 44. Rf8# 1-0


[Site "https://www.chess.com"]

[Event "Titled Tuesday Blitz July 25 Early 2023"]
[White "Tarasova, Viktoriya"]
[Black "Jaracz, Pawel"]
[WhiteFideId "4175840"]
[BlackFideId "1102222"]
[WhiteElo "2380"]
[BlackElo "2716"]
[Result "1-0"]
[Round "1"]
[TimeControl "180+2"]
[Date "2023.07.25"]
[WhiteClock "0:00:12"]
[BlackClock "0:00:56"]
[Board "121"]

1. d4 d5 2. c4 e6 3. Nc3 Nf6 4. cxd5 exd5 5. Bg5 c6 6. e3 Nbd7 7. Bd3 h6 8. Bh4 Be7 9. Nge2 Nh5 10. Bxe7 Qxe7 11. Qd2 Nb6 12. b3 Bd7 13. O-O O-O 14. Rae1 f5 15. Nc1 Nc8 16. Be2 Nf6 17. Nd3 Nd6 18. Ne5 Kh7 19. f3 Nf7 20. f4 Nd6 21. Bd3 Nfe4 22. Bxe4 fxe4 23. Na4 Be8 24. Rc1 Rc8 25. Qb4 b6 26. Rc2 c5 27. dxc5 Nf5 28. Qd2 Bxa4 29. bxa4 Rxc5 30. Rxc5 bxc5 31. Qxd5 g6 32. Qxe4 Rd8 33. g4 Nh4 34. f5 gxf5 35. gxf5 Qg5+ 36. Kh1 Nxf5 37. Qxf5+ Qxf5 38. Rxf5 Rd1+ 39. Kg2 Rd2+ 40. Rf2 Rd5 41. Nf3 Rd3 42. Rc2 Ra3 43. Rxc5 Rxa2+ 44. Kg3 Rxa4 45. Nd4 a5 46. Kf3 Ra2 47. h4 a4 48. Ra5 Ra1 49. h5 a3 50. Nc2 Rf1+ 51. Ke2 Rh1 52. Nxa3 Rxh5 53. Rxh5 1-0


[Site "https://www.chess.com"]

[Event "Titled Tuesday Blitz July 25 Early 2023"]
[White "Darini, Pouria"]
[Black "Eggleston, Thomas A"]
[WhiteFideId "12502200"]
[BlackFideId "412139"]
[WhiteElo "2714"]
[BlackElo "2379"]
[Result "1-0"]
[Round "1"]
[TimeControl "180+2"]
[Date "2023.07.25"]
[WhiteClock "0:01:04"]
[BlackClock "0:00:03"]
[Board "122"]

1. e4 e6 2. d4 d5 3. Nc3 Nf6 4. e5 Nfd7 5. f4 c5 6. Nf3 Nc6 7. Be3 a6 8. Qd2 Qb6 9. Na4 Qb4 10. Qxb4 Nxb4 11. Kd2 b6 12. c3 Nc6 13. b3 Be7 14. Bd3 O-O 15. dxc5 bxc5 16. c4 dxc4 17. Bxc4 Rd8 18. Ke2 Na5 19. Bd3 Bb7 20. Rac1 Rac8 21. Rc3 f6 22. Rhc1 fxe5 23. fxe5 Bxf3+ 24. gxf3 Nxe5 25. Bxa6 Ra8 26. Bxc5 Bg5 27. Be3 Bxe3 28. Rxe3 Nac6 29. Bb7 Nd4+ 30. Kf2 Rab8 31. Nc5 Ng6 32. a4 Nf4 33. a5 Nxb3 34. Rxb3 Nd3+ 35. Rxd3 Rxd3 36. Nxd3 Rxb7 37. a6 Ra7 38. Ra1 1-0


[Site "https://www.chess.com"]

[Event "Titled Tuesday Blitz July 25 Early 2023"]
[White "Rosenberg, Evan S"]
[Black "NikaVolkov"]
[WhiteFideId "2019299"]
[WhiteElo "2379"]
[BlackElo "2714"]
[Result "0-1"]
[Round "1"]
[TimeControl "180+2"]
[Date "2023.07.25"]
[WhiteClock "0:00:27"]
[BlackClock "0:01:33"]
[Board "123"]

1. d4 e6 2. g3 d5 3. Nf3 Nf6 4. Bg2 Be7 5. O-O O-O 6. c4 dxc4 7. Qc2 a6 8. a4 Nbd7 9. Qxc4 b5 10. Qc2 Bb7 11. Ne5 Bxg2 12. Kxg2 Nxe5 13. dxe5 Qd5+ 14. f3 Qxe5 15. Bf4 Qf5 16. e4 Qg6 17. Qxc7 Nh5 18. Kh1 Nxf4 19. gxf4 Bf6 20. Nc3 b4 21. Ne2 Rac8 22. Qa5 Rc2 23. Ng3 Bxb2 24. Rae1 Bc3 25. Re2 Rxe2 26. Nxe2 e5 27. Nxc3 bxc3 28. fxe5 Qc6 29. Rc1 c2 30. Qd2 Rc8 31. a5 h5 32. h4 g6 33. Kg2 Qc7 34. Qd5 Rd8 35. Qb3 Rd2+ 36. Kg3 Qxe5+ 37. f4 Qxe4 38. Qb8+ Kh7 0-1


[Site "https://www.chess.com"]

[Event "Titled Tuesday Blitz July 25 Early 2023"]
[White "Liyanage, Ranindu Dilshan"]
[Black "Topalov, Aleksandar"]
[WhiteFideId "9915834"]
[BlackFideId "925659"]
[WhiteElo "2714"]
[BlackElo "2374"]
[Result "1-0"]
[Round "1"]
[TimeControl "180+2"]
[Date "2023.07.25"]
[WhiteClock "0:02:14"]
[BlackClock "0:01:17"]
[Board "124"]

1. e4 e6 2. d4 d5 3. Nc3 Bb4 4. exd5 exd5 5. Bd3 Ne7 6. Ne2 O-O 7. Ng3 Nbc6 8. a3 Bxc3+ 9. bxc3 Ng6 10. O-O Qh4 11. Qf3 Be6 12. Re1 Rad8 13. h3 Na5 14. Nf5 Bxf5 15. Qxf5 c6 16. Bg5 Qh5 17. g4 Qxh3 18. Re3 1-0


[Site "https://www.chess.com"]

[Event "Titled Tuesday Blitz July 25 Early 2023"]
[White "Melikhov, Evgeny V."]
[Black "Koellner, Ruben Gideon"]
[WhiteFideId "4122046"]
[BlackFideId "12993093"]
[WhiteElo "2374"]
[BlackElo "2714"]
[Result "1-0"]
[Round "1"]
[TimeControl "180+2"]
[Date "2023.07.25"]
[WhiteClock "0:00:04"]
[BlackClock "0:00:01"]
[Board "125"]

1. d4 d6 2. e4 Nf6 3. Bd3 e5 4. d5 Be7 5. c4 c6 6. Nc3 O-O 7. h3 a6 8. Nf3 b5 9. a3 Bb7 10. O-O bxc4 11. Bxc4 Nbd7 12. b4 Nb6 13. Bb3 cxd5 14. Nxd5 Nxe4 15. Nxe7+ Qxe7 16. Bb2 Rac8 17. Qd3 Nf6 18. Rad1 Rfd8 19. Rfe1 Qc7 20. Ng5 Bd5 21. Bxd5 Nbxd5 22. Nxh7 Nxh7 23. Qxd5 Nf6 24. Qd3 Qc2 25. Re2 Qxd3 26. Rxd3 Kf8 27. g4 Ke7 28. f4 Nd7 29. fxe5 dxe5 30. Bxe5 Nxe5 31. Rxe5+ Kf6 32. Rf5+ Kg6 33. Rdf3 f6 34. Rc5 Rxc5 35. bxc5 Rd1+ 36. Rf1 Rd3 37. Rc1 Rd7 38. c6 Rc7 39. Kf2 Kf7 40. Kf3 Ke6 41. Ke4 g6 42. h4 Kd6 43. h5 gxh5 44. gxh5 Re7+ 45. Kf5 Kc7 46. Kxf6 Re3 47. h6 Rxa3 48. Rh1 Rf3+ 49. Ke7 Re3+ 50. Kf7 Rf3+ 51. Ke6 Re3+ 52. Kd5 Rd3+ 53. Kc4 Rd8 54. h7 Rh8 55. Kc5 a5 56. Rb1 a4 57. Rb7+ Kc8 58. Kb6 a3 59. Ra7 1-0


[Site "https://www.chess.com"]

[Event "Titled Tuesday Blitz July 25 Early 2023"]
[White "Williams, Simon K"]
[Black "Duarte, Leonardo"]
[WhiteFideId "404454"]
[BlackFideId "110582"]
[WhiteElo "2713"]
[BlackElo "2374"]
[Result "1-0"]
[Round "1"]
[TimeControl "180+2"]
[Date "2023.07.25"]
[WhiteClock "0:00:19"]
[BlackClock "0:00:10"]
[Board "126"]

1. d4 Nf6 2. Bg5 e6 3. Nf3 Be7 4. Nbd2 d5 5. Bxf6 Bxf6 6. e4 O-O 7. Bd3 b6 8. e5 Be7 9. h4 f5 10. exf6 Bxf6 11. Ng5 h6 12. Qh5 Bxg5 13. hxg5 Qxg5 14. Bh7+ Kh8 15. Qxg5 hxg5 16. Nf3 g6 17. Bxg6+ Kg7 18. Ne5 Nd7 19. Rh7+ Kf6 20. Nxd7+ Bxd7 21. Bd3 Rf7 22. Rh6+ Ke7 23. Ke2 Raf8 24. f3 Rg7 25. Rah1 c5 26. c3 cxd4 27. cxd4 Kd6 28. Rh7 Rff7 29. Rxg7 Rxg7 30. Rh8 e5 31. Rh6+ Be6 32. Bf5 Re7 33. Ke3 Kd7 34. Rxe6 Rxe6 35. dxe5 Ke7 36. Bxe6 Kxe6 37. Kd4 a6 38. b4 a5 39. bxa5 bxa5 40. a4 1-0


[Site "https://www.chess.com"]

[Event "Titled Tuesday Blitz July 25 Early 2023"]
[White "Qiao, Cindy"]
[Black "Cherniaiev, Tykhon"]
[WhiteFideId "2620243"]
[BlackFideId "14182360"]
[WhiteElo "2373"]
[BlackElo "2712"]
[Result "1-0"]
[Round "1"]
[TimeControl "180+2"]
[Date "2023.07.25"]
[WhiteClock "0:00:11"]
[BlackClock "0:00:02"]
[Board "127"]

1. d4 Nf6 2. Bf4 g6 3. Nc3 Bg7 4. e4 d6 5. Qd2 O-O 6. O-O-O c6 7. f3 Qa5 8. Bh6 b5 9. h4 b4 10. Nb1 Be6 11. h5 Nbd7 12. hxg6 fxg6 13. Bxg7 Kxg7 14. Qh6+ Kg8 15. Nh3 Qh5 16. Qd2 Nb6 17. Be2 Bc4 18. Ng5 Nxe4 19. Nxe4 Qa5 20. Qh6 Rf7 21. Ng5 Rg7 22. Bd3 Bxd3 23. Rxd3 Nc4 24. Nxh7 Qxa2 25. Rb3 Qa5 26. Ng5 Kf8 27. Ne6+ Kf7 28. Qxg7+ Kxe6 29. Re1+ Ne5 30. dxe5 d5 31. Qxg6+ Kd7 32. e6+ Kc7 33. Qf7 Qc5 34. Nd2 a5 35. Qf4+ Kb6 36. Qe3 d4 37. Qe5 a4 38. Qxc5+ Kxc5 39. Ne4+ Kc4 40. Rd3 a3 41. b3+ Kd5 42. Kb1 c5 43. Nd2 Rg8 44. g4 Rh8 45. Nc4 Rh2 46. Nb6+ Kc6 47. Nc4 Rg2 48. Ne5+ Kd5 49. Red1 Rg3 50. Nc4 Rg2 51. R3d2 Rg3 52. Rf2 Kxe6 53. g5 Rxg5 54. f4 Rg3 55. Ka2 Kd5 56. Re1 Kc6 57. Rxe7 Rg1 58. Re6+ Kd5 59. Re5+ Kc6 60. f5 Rc1 61. f6 Rd1 62. f7 d3 63. cxd3 Rxd3 64. f8=Q Kb5 65. Qb8+ Ka6 66. Qb6# 1-0


[Site "https://www.chess.com"]

[Event "Titled Tuesday Blitz July 25 Early 2023"]
[White "Klekowski, Maciej"]
[Black "Mejia, Cherry Ann"]
[WhiteFideId "1132717"]
[BlackFideId "5206880"]
[WhiteElo "2710"]
[BlackElo "2372"]
[Result "1-0"]
[Round "1"]
[TimeControl "180+2"]
[Date "2023.07.25"]
[WhiteClock "0:00:55"]
[BlackClock "0:00:04"]
[Board "128"]

1. c4 e5 2. Nc3 Nc6 3. g3 g6 4. Bg2 Bg7 5. e4 d6 6. Nge2 Be6 7. d3 Qd7 8. h4 h6 9. Be3 Nge7 10. Qd2 f5 11. Nd5 Nc8 12. Rc1 Nd8 13. h5 c6 14. hxg6 cxd5 15. cxd5 Bg8 16. Bxh6 Nb6 17. Qg5 fxe4 18. dxe4 Rc8 19. Rxc8 Nxc8 20. Bh3 Qc7 21. Bxc8 Bxh6 22. Rxh6 Rxh6 23. Qxh6 Qxc8 24. Qh8 Kf8 25. Qf6+ Ke8 26. Qxd6 Qc2 27. Qxe5+ Kd7 28. f4 Qb1+ 29. Kf2 Qxa2 30. Qg7+ Kc8 31. Qxg8 Qxb2 32. g7 Qb6+ 33. Kg2 Qg6 34. f5 Qh6 35. Qxd8+ Kxd8 36. g8=Q+ Kc7 37. Nf4 1-0


[Site "https://www.chess.com"]

[Event "Titled Tuesday Blitz July 25 Early 2023"]
[White "Namitbir Singh Walia"]
[Black "Turayev, Shahruh"]
[WhiteFideId "35071068"]
[BlackFideId "14003856"]
[WhiteElo "2372"]
[BlackElo "2709"]
[Result "0-1"]
[Round "1"]
[TimeControl "180+2"]
[Date "2023.07.25"]
[WhiteClock "0:00:12"]
[BlackClock "0:00:42"]
[Board "129"]

1. e4 e6 2. d4 d5 3. Nd2 Nf6 4. e5 Nfd7 5. c3 c5 6. f4 Nc6 7. Ndf3 Qb6 8. g3 a5 9. Kf2 a4 10. Kg2 a3 11. b3 cxd4 12. cxd4 Ndb8 13. Bd3 g6 14. Ne2 Na6 15. g4 h5 16. h3 Bd7 17. Ng5 Be7 18. Rf1 hxg4 19. hxg4 Nxd4 20. Bxa6 Nxb3 21. Qxb3 Qxa6 22. Nd4 Rh2+ 23. Kg1 Rh1+ 24. Kxh1 Qxf1+ 25. Kh2 Qf2+ 26. Kh3 Qxd4 27. Rb1 Bc6 28. Be3 Qc4 29. Qxc4 dxc4 30. Kg3 Bxg5 31. fxg5 O-O-O 32. Bc5 Rd5 33. Bd6 c3 34. Rc1 Rd3+ 35. Kf4 Rf3# 0-1


[Site "https://www.chess.com"]

[Event "Titled Tuesday Blitz July 25 Early 2023"]
[White "Goroshkov, Maksym"]
[Black "Alahakoon, Isuru"]
[WhiteFideId "14142716"]
[BlackFideId "9900993"]
[WhiteElo "2704"]
[BlackElo "2365"]
[Result "1-0"]
[Round "1"]
[TimeControl "180+2"]
[Date "2023.07.25"]
[WhiteClock "0:00:11"]
[BlackClock "0:00:01"]
[Board "130"]

1. e4 d5 2. exd5 Qxd5 3. Nc3 Qa5 4. Nf3 Nf6 5. d4 Bg4 6. Be2 Nc6 7. O-O O-O-O 8. Be3 e5 9. Ng5 Bxe2 10. Nxe2 exd4 11. Nxf7 dxe3 12. Nxd8 Nxd8 13. fxe3 Bc5 14. Nd4 Re8 15. Qd3 Ne6 16. Qf5 Kb8 17. Kh1 Nxd4 18. exd4 Bb6 19. Qxa5 Bxa5 20. c3 c6 21. Rae1 Rxe1 22. Rxe1 Bd8 23. h3 Kc7 24. g4 Kd7 25. Kg2 Nd5 26. Kf3 Bh4 27. Re5 g6 28. g5 Ne7 29. Kg4 Bf2 30. Re2 Bg1 31. Rg2 Be3 32. Kf3 Bc1 33. Rg1 Bd2 34. Rg2 Bc1 35. h4 Nf5 36. Rc2 Be3 37. h5 Bxg5 38. hxg6 hxg6 39. Rh2 Bh6 40. Ke4 Ke6 41. c4 Bg7 42. d5+ cxd5+ 43. cxd5+ Kd6 44. Rg2 Ne7 45. b4 Bf6 46. a4 g5 47. Rf2 Bg7 48. Rf7 Bc3 49. b5 b6 50. Rh7 Bd2 51. Rh6+ Kd7 52. d6 Nc8 53. Kd5 Bf4 54. Rh7+ Kd8 55. d7 Ne7+ 56. Ke6 Ng6 57. Rg7 Nf8+ 58. Kd5 Nxd7 59. Kc6 1-0


[Site "https://www.chess.com"]

[Event "Titled Tuesday Blitz July 25 Early 2023"]
[White "Goswami, Vedant"]
[Black "Gubajdullin, Alexei"]
[WhiteFideId "5003725"]
[BlackFideId "4141202"]
[WhiteElo "2363"]
[BlackElo "2703"]
[Result "0-1"]
[Round "1"]
[TimeControl "180+2"]
[Date "2023.07.25"]
[WhiteClock "0:00:11"]
[BlackClock "0:00:37"]
[Board "131"]

1. b3 e5 2. Bb2 d6 3. e3 Nd7 4. d4 Ngf6 5. Nf3 exd4 6. Qxd4 g6 7. Nc3 Bg7 8. O-O-O O-O 9. Qh4 h6 10. Bd3 Nc5 11. Rhe1 a5 12. e4 g5 13. Nxg5 hxg5 14. Qxg5 Ng4 15. Qxd8 Rxd8 16. f3 Bh6+ 17. Kb1 Ne3 18. Rd2 Nc4 19. Bxc4 Bxd2 20. Rd1 Bxc3 21. Bxc3 Be6 22. Be2 d5 23. Bf6 Rd7 24. e5 Bf5 25. g4 Bh7 26. h4 d4 27. f4 d3 28. cxd3 Bxd3+ 29. Bxd3 Rxd3 30. Rh1 Ne4 31. g5 Nxf6 32. exf6 Re8 33. h5 Re2 34. g6 Rdd2 35. h6 Rb2+ 36. Kc1 Rec2+ 37. Kd1 Rd2+ 38. Kc1 fxg6 39. f7+ Kxf7 40. h7 Rdc2+ 41. Kd1 Rb1+ 42. Kxc2 Rxh1 0-1


[Site "https://www.chess.com"]

[Event "Titled Tuesday Blitz July 25 Early 2023"]
[White "Leon Oquendo, Jorge"]
[Black "Harriott, Tyrell"]
[WhiteFideId "3514803"]
[BlackFideId "2086484"]
[WhiteElo "2703"]
[BlackElo "2362"]
[Result "1-0"]
[Round "1"]
[TimeControl "180+2"]
[Date "2023.07.25"]
[WhiteClock "0:00:23"]
[BlackClock "0:00:56"]
[Board "132"]

1. d4 e6 2. c4 d5 3. Nc3 f5 4. Bf4 Bd6 5. Bxd6 Qxd6 6. e3 Nf6 7. Nf3 Nbd7 8. Bd3 Ne4 9. Rc1 c6 10. Qc2 O-O 11. a3 a5 12. h3 Kh8 13. Qe2 Kg8 14. g4 Nxc3 15. Rxc3 Nf6 16. Ne5 Nd7 17. f4 Nxe5 18. dxe5 Qd8 19. cxd5 Qxd5 20. Rf1 b5 21. e4 Qd8 22. exf5 exf5 23. Rxc6 Rb8 24. Rf2 Qh4 25. gxf5 Bxf5 26. Bxf5 Rxf5 27. Qg4 Qxg4 28. hxg4 Rf7 29. e6 Re7 30. f5 h6 31. Rd2 Kf8 32. Ke2 b4 33. a4 Ke8 34. Ke3 Reb7 35. b3 Ke7 36. Ke4 Kf6 37. Rd5 Ra7 38. Rcc5 Rba8 39. Kf4 Ke7 40. Ke5 Ke8 41. Rd6 Ke7 42. Rcd5 Ke8 43. Rd7 Kf8 44. Rxa7 Rxa7 45. f6 gxf6+ 46. Kxf6 Ra8 47. Rd7 Kg8 48. Rg7+ Kh8 49. e7 Ra6+ 50. Kf7 Ra7 51. Rg8+ Kh7 52. Rb8 h5 53. g5 h4 54. g6+ Kh6 55. g7 Rxe7+ 56. Kxe7 Kxg7 57. Rb5 Kg6 58. Re5 h3 59. Re3 Kg5 60. Rxh3 Kf4 61. Rh5 Ke4 62. Rxa5 Kd3 63. Rc5 Kd2 64. Rc8 Kd3 65. Kd6 Kd2 66. Kc5 Kd3 67. Kxb4 Kd2 68. a5 Kd3 69. a6 Kd2 70. a7 Kd3 71. a8=Q Kd2 72. Qd5+ Ke3 73. Re8+ Kf4 74. Qf7+ Kg5 75. Rg8+ 1-0


[Site "https://www.chess.com"]

[Event "Titled Tuesday Blitz July 25 Early 2023"]
[White "Vifleemskaia, Svetlana"]
[Black "Marek, Matyas"]
[WhiteFideId "4129490"]
[BlackFideId "335398"]
[WhiteElo "2362"]
[BlackElo "2702"]
[Result "0-1"]
[Round "1"]
[TimeControl "180+2"]
[Date "2023.07.25"]
[WhiteClock "0:00:01"]
[BlackClock "0:00:15"]
[Board "133"]

1. d4 Nf6 2. c4 c5 3. d5 b5 4. Nd2 bxc4 5. e4 d6 6. Bxc4 g6 7. b3 Bg7 8. Bb2 Nbd7 9. Qc2 O-O 10. Ngf3 Nb6 11. O-O Nxc4 12. bxc4 Rb8 13. Bc3 Qc7 14. h3 Ba6 15. Rab1 Rxb1 16. Rxb1 Rb8 17. Rb3 Nd7 18. Bxg7 Kxg7 19. Qb2+ Kg8 20. Rxb8+ Qxb8 21. Qxb8+ Nxb8 22. Ne1 Nd7 23. Nc2 Ne5 24. Ne3 e6 25. f4 Nd3 26. g3 Kf8 27. Kf1 Ke7 28. a3 h6 29. Nb3 Kd7 30. Ke2 Nb2 31. Na5 Kc7 32. Kd2 Kb6 33. Kc2 Kxa5 34. Kxb2 Kb6 35. Kc3 Kc7 36. e5 Kd7 37. Ng4 h5 38. Nf6+ Ke7 39. Ne4 dxe5 40. fxe5 exd5 41. cxd5 Bf1 42. h4 Bg2 43. Nxc5 Bxd5 44. Kd4 Ba2 45. Nd3 Ke6 46. Nc5+ Kf5 47. Nd3 Kg4 48. Nb4 Be6 49. Nc6 a6 50. Nb4 Bc8 0-1


[Site "https://www.chess.com"]

[Event "Titled Tuesday Blitz July 25 Early 2023"]
[White "Prestia, Paris"]
[Black "Yolosz"]
[WhiteFideId "30925959"]
[WhiteElo "2701"]
[BlackElo "2361"]
[Result "1/2-1/2"]
[Round "1"]
[TimeControl "180+2"]
[Date "2023.07.25"]
[WhiteClock "0:00:28"]
[BlackClock "0:00:09"]
[Board "134"]

1. Nf3 d5 2. g3 Bf5 3. Bg2 c6 4. O-O e6 5. c4 Nd7 6. b3 Ngf6 7. Bb2 Be7 8. d3 h6 9. Nbd2 O-O 10. Qc2 Bh7 11. a3 Qc7 12. b4 a5 13. c5 e5 14. e4 axb4 15. axb4 b6 16. cxb6 Qxb6 17. Nxe5 Nxe5 18. Bxe5 Qxb4 19. Rab1 Qa4 20. Rfc1 Nd7 21. Bf4 Nc5 22. Qxa4 Rxa4 23. Rc3 d4 24. Rc2 Nxd3 25. Rxc6 Nxf4 26. gxf4 Ra2 27. Nc4 Bh4 28. Rb2 Ra1+ 29. Bf1 Bxe4 30. Rd6 Bd3 31. Nd2 Bxf1 32. Nxf1 Bf6 33. Kg2 Re8 34. Ng3 Ree1 35. Rb7 Rab1 36. Rc7 Rbc1 37. Ra7 Ra1 38. Rad7 Red1 39. Nh5 d3 40. Nxf6+ gxf6 41. Rxf6 d2 42. Kf3 Ra3+ 43. Ke2 Re1+ 44. Kxd2 Re6 45. Rfxf7 Rg6 46. f5 Rg2 47. f6 Rxf2+ 48. Ke1 Rg2 49. Rg7+ Rxg7 50. Rxg7+ Kf8 51. Kf2 Rh3 52. Kg2 Rd3 53. Rg6 h5 54. Rh6 Kf7 55. h3 Re3 56. Kf2 Rc3 57. Kg2 Rd3 58. Rxh5 Kxf6 59. Ra5 Rc3 60. Ra4 Kg7 61. Rf4 Kh7 62. Rh4+ Kg7 63. Rg4+ Kh7 64. h4 Rb3 65. Kf2 Ra3 66. Rf4 Kh6 67. Re4 Kh5 68. Kg2 Rb3 69. Kh2 Ra3 70. Rb4 Rc3 71. Kg2 Rd3 72. Kf2 Rc3 73. Ke2 Rh3 74. Rb5+ Kxh4 75. Rb8 Kg3 76. Rg8+ Kf4 77. Rf8+ Ke5 78. Re8+ Kd6 79. Kf2 Kc6 80. Re4 Rd3 81. Rf4 Rd5 82. Ke3 Rc5 83. Re4 Rd5 84. Rh4 Kd6 85. Rh6+ Kc5 86. Ke4 Rd4+ 87. Ke5 Rd5+ 88. Ke4 Rd4+ 89. Ke3 Rd5 90. Rh8 Kb5 91. Rb8+ Kc5 92. Ke4 Rd4+ 93. Ke5 Rd5+ 94. Ke6 Rd6+ 95. Ke7 Rd5 96. Rc8+ Kd4 97. Ke6 Re5+ 98. Kd6 Rd5+ 99. Ke6 Re5+ 100. Kf6 Rd5 101. Rc1 Rc5 102. Rd1+ Kc4 103. Ke6 Kb5 104. Rb1+ 1/2-1/2


[Site "https://www.chess.com"]

[Event "Titled Tuesday Blitz July 25 Early 2023"]
[White "Llanos, Guillermo"]
[Black "Djokic, Mihailo"]
[WhiteFideId "100358"]
[BlackFideId "976440"]
[WhiteElo "2361"]
[BlackElo "2700"]
[Result "0-1"]
[Round "1"]
[TimeControl "180+2"]
[Date "2023.07.25"]
[WhiteClock "0:00:24"]
[BlackClock "0:01:19"]
[Board "135"]

1. Nf3 Nf6 2. g3 g6 3. Bg2 Bg7 4. O-O O-O 5. b3 d6 6. d4 e5 7. Bb2 e4 8. Ne1 d5 9. c4 c6 10. Nc3 Re8 11. f3 exf3 12. exf3 h5 13. cxd5 Nxd5 14. Nxd5 cxd5 15. Qd2 Nc6 16. Rd1 Bf5 17. h3 Rc8 18. g4 hxg4 19. hxg4 Be6 20. a3 Qb6 21. b4 Ne5 22. Qf2 Nc4 23. Bc1 a5 24. Nc2 axb4 25. axb4 Ra8 26. Bf4 Ra2 27. Rd3 Na3 28. Rc1 Nxc2 29. Rxc2 Bxd4 30. Rxa2 Bxf2+ 31. Rxf2 Qxb4 32. Bf1 Qxf4 0-1


[Site "https://www.chess.com"]

[Event "Titled Tuesday Blitz July 25 Early 2023"]
[White "Panesar Vedant"]
[Black "Rodriguez Santiago, Jaime"]
[WhiteFideId "35033018"]
[BlackFideId "3100898"]
[WhiteElo "2698"]
[BlackElo "2353"]
[Result "1-0"]
[Round "1"]
[TimeControl "180+2"]
[Date "2023.07.25"]
[WhiteClock "0:01:12"]
[BlackClock "0:00:31"]
[Board "136"]

1. d4 Nf6 2. c4 e6 3. Nf3 d5 4. g3 dxc4 5. Bg2 c5 6. O-O Nc6 7. Ne5 Bd7 8. Na3 cxd4 9. Naxc4 Be7 10. Qb3 Rb8 11. Bf4 Nd5 12. Nxd7 Nxf4 13. Bxc6 Nxe2+ 14. Kg2 Rc8 15. Qxb7 Rxc6 16. Qxc6 Qxd7 17. Qxd7+ Kxd7 18. Rfe1 d3 19. Rad1 Nd4 20. Rxd3 Bf6 21. Red1 Rc8 22. Rxd4+ Bxd4 23. Rxd4+ Ke7 24. b3 1-0


[Site "https://www.chess.com"]